 Dungeon Crawl Stone Soup version 0.17-a0-1479-g4041c36 (webtiles) character file.

1402 urechis the Cleaver (level 8, 0/80 HPs)
             Began as a Deep Dwarf Fighter on July 3, 2015.
             Was a Priest of Makhleb.
             Killed from afar by an orc priest (13 damage)
             ... with a wand of draining
             ... on level 6 of the Dungeon.
             The game lasted 00:14:11 (4529 turns).

urechis the Cleaver (Deep Dwarf Fighter)            Turns: 4529, Time: 00:14:12

Health: 0/80       AC: 11    Str: 19    XL:     8   Next: 42%
Magic:  6/6        EV:  7    Int: 10    God:    Makhleb [***...]
Gold:   275        SH:  9    Dex: 18    Spells: 0 memorised, 7 levels left

rFire  . . .     SeeInvis .     a - +0 war axe
rCold  . . .     Clarity  .     v - +0 scale mail
rNeg   . . .     SustAt   +     c - +0 shield
rPois  +         Gourm    .     A - +2 helmet of Ykikhleti {Dex+4}
rElec  .         Spirit   .     (no cloak)
rCorr  .         Warding  .     F - +0 pair of gloves
rMut   +         Stasis   .     q - +0 pair of boots (curse)
MR     +....                    L - amulet of resist mutation (curse)
Stlth  ..........               I - ring of sustain attributes
                                j - ring of poison resistance

@: non-regenerating, drained, somewhat resistant to hostile enchantments,
extremely unstealthy
A: damage resistance, recharge devices, sense surroundings 1, slow healing 3
a: Device Recharging, Minor Destruction, Lesser Servant of Makhleb, Renounce
Religion


You were on level 6 of the Dungeon.
You worshipped Makhleb.
Makhleb was most pleased with you.
You were hungry.

You visited 1 branch of the dungeon, and saw 6 of its levels.

You collected 275 gold pieces.

Inventory:

Hand weapons
 a - a +0 war axe (weapon)
 b - a +0 blowgun
Missiles
 x - 2 curare-tipped needles
Armour
 c - a +0 shield (worn)
 q - a cursed +0 pair of boots (worn)
 v - a +0 scale mail (worn)
 A - the +2 helmet of Ykikhleti (worn) {Dex+4}
   (You found it on level 4 of the Dungeon)

   It affects your dexterity (+4).
 F - a +0 pair of gloves (worn)
Jewellery
 j - a ring of poison resistance (left hand)
 I - a ring of sustain attributes (right hand)
 K - an uncursed ring of fire
 L - a cursed amulet of resist mutation (around neck)
Magical devices
 e - a wand of heal wounds (2)
 w - a wand of confusion (20)
Scrolls
 h - 5 scrolls of remove curse {unknown}
 i - 9 scrolls of identify {unknown}
 m - 2 scrolls of fear {unknown}
 o - a scroll of amnesia {unknown}
 r - 2 scrolls of teleportation {unknown}
 t - a scroll of blinking {unknown}
 y - a scroll of immolation {unknown}
 C - a scroll of enchant weapon {unknown}
 E - a scroll of recharging {unknown}
Potions
 d - a potion of might
 g - a potion of flight {unknown}
 k - 2 potions of heal wounds {unknown}
 n - 3 potions of mutation {unknown}
 p - a potion of lignification {unknown}
 s - a potion of magic {unknown}
 u - 2 potions of curing {unknown}
 B - 2 potions of agility
 D - a potion of poison {unknown}
 H - a potion of brilliance {unknown}
 J - a potion of berserk rage {unknown}
Comestibles
 f - 5 bread rations
 l - 2 meat rations
 z - a beef jerky
 G - 4 fruits


   Skills:
 + Level 7.3(6.3) Fighting
 + Level 8.2(7.2) Axes
 - Level 3.2(2.3) Armour
 - Level 3.2(2.3) Shields


You had 7 spell levels left.
You didn't know any spells.

Dungeon Overview and Level Annotations

Branches:
Dungeon (6/15)             Temple (0/1) D:5

Altars:
Dithmenos
Elyvilon
Makhleb
Okawaru
Sif Muna


Innate Abilities, Weirdness & Mutations

You are resistant to damage.
You can recharge devices by infusing magical energy.
You passively map a small area around you.
You do not heal naturally.


Message History

There isn't anything to butcher here.
An orc priest comes into view. It is wielding a war axe.
The orc priest shouts!
A giant gecko comes into view.
The orc priest calls down the wrath of Beogh upon you.
Something smites you!
* * * LOW HITPOINT WARNING * * *
You are too injured to fight recklessly!
You are too injured to fight recklessly!
A scorpion comes into view.
The orc priest zaps a wand.
The bolt of negative energy hits you!
You feel drained.
* * * LOW HITPOINT WARNING * * *
It is a wand of draining.
An orc wizard comes into view. It is wielding a long sword.
A hobgoblin and an orc come into view.
The orc shouts!
The orc wizard shouts!
The hobgoblin shouts!
The orc priest zaps a wand.
The bolt of negative energy hits you!
You feel drained.
You die...

#.# #.#
#.......)
#.# #.#
###......
#.#####.#
#.#####
#.......#
#.# #
#.#######
#.# # #.#
#.# #
#.#########
*###* #
#.......s..
, , ,
#.#@l.#...
,* *
#.........o
, ,
###.o.#.o.#
........g,
#########
**


You could see a scorpion, an orc priest, an orc wizard, an orc, a giant gecko
and a hobgoblin.

Vanquished Creatures
  Grinder (D:3)
  2 sky beasts (D:6)
  A centaur (D:5)
  Blork the orc (D:4)
  2 scorpions (D:4)
  2 centaur zombies (D:5)
  A jelly (D:6)
  2 orc priests
  A giant frog skeleton (D:5)
  4 orc wizards
  Jessica (D:3)
  An iguana (D:5)
  3 worker ants
  A worker ant zombie (D:6)
  7 adders
  14 gnolls
  A shadow imp (D:5)
  2 oozes
  A worm (D:3)
  16 orcs
  A ball python (D:3)
  5 giant cockroaches
  9 goblins
  4 hobgoblins
  3 bats (D:3)
  A giant gecko zombie (D:5)
  5 giant newts
  2 jackals (D:5)
  20 kobolds
  6 quokkas
  13 rats
133 creatures vanquished.

Notes
Turn   | Place    | Note
--------------------------------------------------------------
     0 | D:1      | urechis the Deep Dwarf Fighter began the quest for the Orb.
     0 | D:1      | Reached XP level 1. HP: 20/20 MP: 1/1
   236 | D:1      | Reached XP level 2. HP: 25/28 MP: 2/2
   903 | D:2      | Found a burning altar of Makhleb.
   905 | D:2      | Noticed an Executioner
   909 | D:2      | Noticed a smoke demon
   909 | D:2      | Noticed a smoke demon
   958 | D:2      | Reached XP level 3. HP: 27/34 MP: 3/3
   982 | D:2      | Became a worshipper of Makhleb the Destroyer
  1140 | D:3      | Noticed Grinder
  1152 | D:3      | Paralysed by Grinder for 3 turns
  1165 | D:3      | Found an iron altar of Okawaru.
  1172 | D:3      | Killed Grinder
  1172 | D:3      | Reached skill level 4 in Fighting
  1172 | D:3      | Reached XP level 4. HP: 31/45 MP: 4/4
  1172 | D:3      | Reached XP level 5. HP: 35/51 MP: 5/5
  1192 | D:3      | Reached skill level 5 in Axes
  1328 | D:3      | Reached XP level 6. HP: 28/58 MP: 6/6
  1338 | D:3      | Acquired Makhleb's first power
  1591 | D:3      | Reached skill level 5 in Fighting
  1852 | D:3      | Found a white marble altar of Elyvilon.
  1869 | D:3      | Acquired Makhleb's second power
  1909 | D:3      | Noticed Jessica
  1926 | D:3      | Killed Jessica
  2159 | D:4      | Reached skill level 6 in Axes
  2227 | D:4      | Reached XP level 7. HP: 57/67 MP: 5/5
  2304 | D:4      | Noticed Blork the orc
  2323 | D:4      | Killed Blork the orc
  2583 | D:4      | Got a fine helmet
  2589 | D:4      | Identified the +2 helmet of Ykikhleti {Dex+4} (You found it on level 4 of the Dungeon)
  2882 | D:4      | Acquired Makhleb's third power
  3048 | D:5      | Entered Level 5 of the Dungeon
  3100 | D:5      | Reached skill level 7 in Axes
  3417 | D:5      | Reached XP level 8. HP: 43/78 MP: 6/6
  3464 | D:5      | Found a deep blue altar of Sif Muna.
  3602 | D:5      | Found a staircase to the Ecumenical Temple.
  4112 | D:6      | Found a shadowy altar of Dithmenos.
  4219 | D:6      | Reached skill level 8 in Axes
  4529 | D:6      | Killed from afar by an orc priest

Vault maps used:
D:1:      dpeg_arrival_connections
D:2:      makhleb_altar_promises_db, minmay_misc_feat_more_columns
D:3:      okawaru_altar_gauntlet_db, elyvilon_altar_5, uniq_grinder,
          uniq_jessica
D:4:      serial_forest, infiniplex_forest_end_3, infiniplex_forest_lined_2,
          infiniplex_forest_clump_double, infiniplex_forest_fountain,
          infiniplex_forest_lined_2, infiniplex_forest_lined_3_way,
          infiniplex_forest_fountain, infiniplex_forest_lined_room_2,
          infiniplex_forest_lined_room_3, first_bread, uniq_blork_the_orc
D:5:      led_sif_book, minmay_temple_entry_overgrown, minivault_27
D:6:      lemuel_coloured_pillars_altar, gammafunk_temple_overflow_statue,
          slow_altar_2, serial_shops, shop, grunt_ministairs_1,
          nicolae_dithmenos_through_a_glass_darkly

Action                   |  1- 3 |  4- 6 |  7- 9 || total
-------------------------+-------+-------+-------++-------
Melee: War axe           |    95 |   161 |   239 ||   495
 Abil: Device Recharging |       |     2 |       ||     2
Evoke: Wand              |     2 |     6 |     2 ||    10
  Eat: Chunk             |       |     4 |     7 ||    11
       Fruit             |       |       |     1 ||     1
